 Dungeon Crawl Stone Soup version 0.26.1-11-gd32895ea62 (webtiles) character file.

Game seed: 3989582814564520861

1869 MisterFreud the Grappler (level 8, 0/74 HPs)
             Began as a Troll Monk on May 11, 2021.
             Slain by an orc
             ... wielding a +2 hand axe of electrocution
              (15 damage)
             ... on level 8 of the Dungeon.
             The game lasted 00:07:32 (6590 turns).

MisterFreud the Grappler (Troll Monk)               Turns: 6590, Time: 00:07:32

Health: 0/74       AC:  6    Str: 20    XL:     8   Next: 90%
Magic:  7/7        EV: 14    Int:  6    God:
Gold:   427        SH:  0    Dex: 20    Spells: 7/7 levels left

rFire    . . .     SeeInvis .     - Unarmed
rCold    . . .     Faith    .   (no shield)
rNeg     . . .     Spirit   .   a - +0 robe
rPois    .         Reflect  .   (helmet restricted)
rElec    .         Harm     .   (no cloak)
rCorr    .         Rampage  .   (gloves unavailable)
Will     +....                  (boots unavailable)
Stlth    ++........             (no amulet)
HPRegen  0.62/turn              w - ring of willpower
MPRegen  0.10/turn              h - +6 ring of dexterity

@: no status effects
A: large, unfitting armour, claws 3, regeneration 1, shaggy fur 1, tough skin 3
a: no special abilities


You were on level 8 of the Dungeon.
You visited 2 branches of the dungeon, and saw 9 of its levels.
You also visited: Sewer.

You collected 466 gold pieces.
You spent 39 gold pieces at shops.

Inventory:

Missiles
 s - 2 throwing nets (quivered)
 v - 6 boomerangs
 A - a boomerang of dispersal
Armour
 a - a +0 robe (worn)
Jewellery
 h - a +6 ring of dexterity (right claw)
 p - an uncursed ring of wizardry
 r - an uncursed ring of see invisible
 w - a ring of willpower (left claw)
Wands
 u - a wand of iceblast (14)
Scrolls
 b - 2 scrolls of remove curse {unknown}
 d - 2 scrolls of fear {unknown}
 e - 7 scrolls of teleportation
 f - 5 scrolls of identify {unknown}
 k - a scroll of immolation {unknown}
 l - 3 scrolls of amnesia {unknown}
 n - 2 scrolls of magic mapping {unknown}
 o - a scroll of random uselessness {unknown}
 q - a scroll of enchant weapon {unknown}
 y - 2 scrolls of enchant armour {unknown}
 B - a scroll of blinking {unknown}
 D - a scroll of noise {unknown}
Potions
 c - 6 potions of flight
 g - 4 potions of curing {unknown}
 i - 2 potions of mutation {unknown}
 j - 2 potions of lignification {unknown}
 m - 2 potions of haste {unknown}
 t - 5 potions of brilliance {unknown}
 x - 2 potions of degeneration {unknown}
 z - 2 potions of might {unknown}
 C - a potion of cancellation {unknown}


   Skills:
 + Level 2.6 Fighting
 + Level 5.1 Throwing
 - Level 6.0 Dodging
 - Level 1.0 Stealth
 + Level 8.1 Unarmed Combat


You had 7 spell levels left.
You didn't know any spells.
Your spell library contained the following spells:

 Spells                   Type           Power        Failure   Level
 Corona                   Hex            0%           45%         1
 Sting                    Tmut/Pois      0%           45%         1
 Poisonous Vapours        Pois/Air       0%           58%         2
 Slow                     Hex            0%           58%         2
 Ignite Poison            Fire/Tmut/Pois 0%           83%         3
 Inner Flame              Hex/Fire       0%           83%         3
 Mephitic Cloud           Conj/Pois/Air  0%           83%         3
 Portal Projectile        Hex/Tloc       0%           83%         3
 Cause Fear               Hex            0%           99%         4
 Leda's Liquefaction      Hex/Erth       0%           99%         4
 Olgreb's Toxic Radiance  Pois           0%           99%         4
 Bolt of Magma            Conj/Fire/Erth 0%           100%        5
 Iskenderun's Battlesphe  Conj           0%           100%        5
 Iron Shot                Conj/Erth      0%           100%        6
 Orb of Destruction       Conj           0%           100%        7
 Spellforged Servitor     Conj/Summ      0%           100%        7


Dungeon Overview and Level Annotations

Branches:
Dungeon (8/15)             Temple (1/1) D:6           Sewer (visited)
   Lair: D:8-11

Altars:
Ashenzari
Dithmenos
Elyvilon
Kikubaaqudgha
Nemelex Xobeh
Okawaru
Qazlal
Ru
Sif Muna
Uskayaw
Vehumet
Yredelemnul
Zin

Shops:
D:4 *   D:6 *


Innate Abilities, Weirdness & Mutations

You are too large for most types of armour.
You have claws for hands.
Your natural rate of healing is unusually fast.
You are covered in fur. (AC +1)
You have extremely tough skin. (AC +3)


Message History

You closely miss the orc wizard.
The orc wizard is severely wounded.
The orc wizard barely misses you.
You barely miss the orc wizard.
The orc wizard is severely wounded.
The orc wizard hits you but does no damage.
You claw the orc wizard!
You kill the orc wizard!
The orc wizard casts a spell.
The orc wizard blinks!
The orc barely misses you.
There is a stone staircase leading up, spattered with blood here.
Things that are here:
a +0 dagger; a +0 robe; 14 gold pieces The orc wizard casts a spell.
The orc wizard blinks!
The orc hits you with a +2 hand axe of electrocution.
* * * LOW HITPOINT WARNING * * *
You are electrocuted!
You die...

..........##.....#.....(...
.#.o.......................
....................>......
......§....................
.....................#.####
........).......##..##.####
.......).......####......#.
......#=..##...####...##...
..... ##.§@[.....##.......#
#... #.o###............##
#.. .....# ..#..##..###.#
.B ......###..#####..#.#.##
. ........ .... ....(...#.
............# #..##......
...##... .##.....####.. ...
#.# ..... ##. .. ##


You could see an orc wizard (fast) and an orc.

Vanquished Creatures
  Sigmund (D:3)
  2 sky beasts
  An orc warrior (D:7)
  A phantom (D:5)
  2 ogres
  A scorpion (D:6)
  2 vampire bats (D:2)
  2 howler monkeys
  A centaur zombie (D:8)
  A hound (D:6)
  2 orc priests
  7 orc wizards
  A centaur skeleton (D:7)
  Jessica (D:2)
  2 iguanas
  4 worker ants
  A hound skeleton (D:7)
  A worker ant zombie (D:7)
  Robin (D:2)
  7 gnolls
  13 adders
  A river rat (D:4)
  An ufetubus (D:5)
  6 oozes
  An adder zombie (D:6)
  8 worms
  4 dart slugs
  6 leopard geckos
  22 orcs
  17 bats
  4 bat skeletons (D:2)
  3 bat zombies (D:2)
  5 giant cockroaches
  11 goblins
  12 hobgoblins
  8 jackals
  A quokka (D:3)
  6 ball pythons
  8 frilled lizards
  6 kobolds
  2 quokka skeletons
  7 rats
193 creatures vanquished.

Vanquished Creatures (others)
  17 plants (D:2)
17 creatures vanquished.

Grand Total: 210 creatures vanquished

Notes
Turn   | Place    | Note
-------+----------+-------------------------------------------
     0 | D:1      | MisterFreud the Troll Monk began the quest for the Orb.
     0 | D:1      | Reached XP level 1. HP: 22/22 MP: 0/0
   139 | D:1      | Reached XP level 2. HP: 29/29 MP: 1/1
   262 | D:1      | Reached skill level 4 in Unarmed Combat
   468 | D:2      | Found a radiant altar of Vehumet.
   489 | D:2      | Reached XP level 3. HP: 26/36 MP: 2/2
   632 | D:2      | Noticed Jessica
   639 | D:2      | Killed Jessica
   679 | D:2      | Found a broken altar of Ashenzari.
   710 | D:2      | Reached XP level 4. HP: 44/44 MP: 3/3
   728 | D:2      | Reached skill level 5 in Unarmed Combat
   772 | D:2      | Noticed Robin
   810 | D:2      | Killed Robin
  1280 | D:2      | Found an ancient bone altar of Kikubaaqudgha.
  1285 | D:2      | Reached XP level 5. HP: 47/50 MP: 4/4
  1288 | D:2      | Reached skill level 6 in Unarmed Combat
  1439 | D:2      | Found a hide-covered altar of Uskayaw.
  1873 | D:3      | Reached XP level 6. HP: 52/59 MP: 5/5
  2084 | D:3      | Found a sparkling altar of Nemelex Xobeh.
  2445 | D:3      | Noticed Sigmund
  2456 | D:3      | Killed Sigmund
  2457 | D:3      | Reached skill level 7 in Unarmed Combat
  2683 | D:4      | Reached skill level 8 in Unarmed Combat
  2683 | D:4      | Reached XP level 7. HP: 42/66 MP: 6/6
  2803 | D:4      | Found a glowing drain.
  2814 | Sewer    | Entered a sewer
  3283 | D:4      | Reached skill level 1 in Throwing
  3423 | D:4      | Found Nairyre's General Store.
  3428 | D:4      | Bought a scroll of teleportation for 39 gold pieces
  3930 | D:5      | Entered Level 5 of the Dungeon
  3949 | D:5      | Found a stormy altar of Qazlal.
  4026 | D:5      | Found an iron altar of Okawaru.
  4075 | D:5      | Found a basalt altar of Yredelemnul.
  4107 | D:5      | Reached XP level 8. HP: 61/74 MP: 7/7
  4324 | D:5      | Found a shimmering blue altar of Sif Muna.
  4347 | D:5      | Found a sacrificial altar of Ru.
  4663 | D:6      | Found a white marble altar of Elyvilon.
  4720 | D:6      | Found Arphehis's Serpentskin Sales.
  5017 | D:6      | Reached skill level 5 in Dodging
  5131 | D:6      | Found a staircase to the Ecumenical Temple.
  5205 | Temple   | Entered the Ecumenical Temple
  5888 | D:7      | Reached skill level 5 in Throwing
  6590 | D:8      | Slain by an orc

Illustrated notes

Levels and vault maps discovered:
D:1:      dpeg_arrival_rooms_b, layout_rooms
D:2:      layout_basic, kennysheep_vampire_church, lemuel_doored_altar,
          fiery_altar_vehumet, marbit_many_paths, serial_bayou_lagoon_b,
          uniq_jessica, uniq_robin
D:3:      layout_basic, lemuel_coloured_pillars_altar, minmay_quadrilaterals,
          uniq_sigmund
D:4:      layout_loops_cross, cheibrodos_sewer_entry_sluice, serial_shops,
          shop_statue
D:5:      layout_basic, okawaru_trees_2, nicolae_overflow_crystal_walls,
          yredelemnul_altar_generic, lemuel_blue_sif_altar,
          nicolae_ru_sacrificial_ziggurat, kennysheep_generic_room_11
D:6:      layout_gridville, elyvilon_altar_4, minmay_temple_entry_hall,
          hex_large, guppyfry_shop_venom
D:7:      layout_loops_corners
D:8:      layout_cave_pools, doesnt_xom_only_xom, lemuel_round_altar
Temple:   nicolae_temple_figure_zero

Skill      XL: |  1  2  3  4  5  6  7  8 |
---------------+-------------------------+-----
Unarmed Combat | 4 5 6 8 |  8.1
Dodging        | 4 6 |  6.0
Throwing       | 3 5 |  5.1
Fighting       | |  2.6
Stealth        | |  1.0

Action                   |  1- 3 |  4- 6 |  7- 9 || total
-------------------------+-------+-------+-------++-------
Melee: Unarmed           |    84 |   167 |   252 ||   503
       Punch             |       |     3 |    13 ||    16
  Use: Potion            |       |       |     1 ||     1
 Stab: Sleeping          |     1 |     5 |     7 ||    13
Armor: Robe              |    44 |    74 |    76 ||   194
Dodge: Dodged            |    49 |    90 |   145 ||   284
